Unix NetHack Version 5.0.0-0 post-release - last build Jun 10 2026 00:39:30 (3ee93aec679c4c4259841fe613dc97188e26a321,branch:main).

Game began 2026-06-14 17:42:51, ended 2026-06-15 07:43:52.

LDaviesPeters, neutral female human Archeologist

          ----------                            ---------
          |........|                            |+.)....-#)####
          |........|                           #........|     ###      -------
          |.........####### #######            #|.....).|       #r@d###|....(|
          |........|####################       #-------.-             #|.%...|
          --+-.-----       ------------|---    #       #              #|.?(..|
             ####          |.....[._...*...#   #       #              #+..[[.|
              ##         ##.......<*......|##  #       #               |..].*|
               #         # |..............+#####       #               -------
               #       ### ---------------- ##       ###
           -+--.---    #                     ##      #
           |`......#####                      #------.-----
           |>.....|                           #|..........|
           |......+                           #|..........|
           |......|                           #...........|
           |......+                            |..........|
           --------                            |..........|
                                               |..........|
                                               ------------

LDaviesPeters the Field Worker  St:12 Dx:8 Co:10 In:17 Wi:15 Ch:15  Neutral
Dlvl:3  $:0  HP:0(33) Pw:19(19) AC:5  Xp:4 T:3893  Burdened

Latest messages:
 The door resists!
 In what direction? 3
 The door resists!
 In what direction? 3
 The door resists!
 In what direction? 3
 The door resists!
 In what direction? 3
 The door closes.
 You lash the wererat.
 The wererat summons help!
 You feel hemmed in.
 The wererat bites!
 You avoid harm.
 The little dog misses it.
 You lash the wererat.
 The wererat bites!
 The wererat bites!
 You avoid harm.
 You feel more confident in your weapon skills.
 You lash the wererat.
 The wererat bites!
 You feel feverish.
 You lash the wererat.
 The wererat bites!
 You hear some noises.
 You lash the wererat.
 The wererat bites!
 The wererat changes into a human.
 The wererat changes into a rat.
 The wererat misses!
 You lash the wererat.
 The wererat bites!
 You miss the wererat.
 The wererat bites!
 You miss the wererat.
 The wererat bites!
 The wererat bites!
 You miss the wererat.
 The wererat bites!
 You miss the wererat.
 The wererat bites!
 You miss the wererat.
 The wererat bites!
 The little dog bites it.
 It misses the little dog.
 The little dog bites it.
 The wererat bites!
 You die...
 Do you want your possessions identified? [ynq] (y) q

Inventory:
 Weapons  (')')
  Q - 10 +0 shuriken
  a - a +2 bullwhip (weapon in right hand)
  w - a +0 trident
 Armor    ('[')
  c - an uncursed +0 fedora (being worn)
  O - an uncursed +0 elven mithril-coat (being worn)
 Comestibles  ('%')
  d - 4 uncursed food rations
  Z - an uncursed fortune cookie
  x - an uncursed orange
  R - an uncursed tripe ration
 Rings    ('=')
  G - an uncursed ring of conflict
  j - an uncursed ring of levitation
  r - a cursed ring of polymorph control
  n - an uncursed ring of see invisible (on left hand)
  F - an uncursed ring of slow digestion (on right hand)
  v - an uncursed ring of sustain ability
 Wands    ('/')
  h - a blessed wand of fire (0:7)
 Tools    ('(')
  b - an uncursed sack containing 6 items
  q - an uncursed blindfold
  l - an uncursed oil lamp
  k - an uncursed skeleton key
  f - a tinning kit (0:35)
 Gems/Stones  ('*')
  t - an uncursed aquamarine stone
  V - an uncursed opal
  g - an uncursed touchstone

Contents of the sack:
  284 gold pieces
  a blessed scroll of create monster
  an uncursed scroll of enchant armor
  an uncursed scroll of enchant weapon
  an uncursed scroll of identify
  a +0 pick-axe

LDaviesPeters the Archeologist's attributes:

Background:
 You were a Field Worker, a level 4 female human Archeologist.
 You were neutral, on a mission for Camaxtli
 who was opposed by Quetzalcoatl (lawful) and Huhetotl (chaotic).
 You were right-handed.
 You were in the Dungeons of Doom, on level 3.
 You entered the dungeon 3893 turns ago.
 There was a new moon in effect when your adventure ended.
 You had 118 experience points, 42 more were needed to attain level 5.

Basics:
 You had 0 out of 33 hit points.
 You had all 19 energy points (spell power).
 Your armor class was 5.
 Your wallet was empty, but
 you had 284 zorkmids stashed away in your pack.
 Autopickup was off.

Final Characteristics:
 Your strength was 12 (limit:18/100).
 Your dexterity was 8 (limit:18).
 Your constitution was 10 (limit:18).
 Your intelligence was 17 (limit:18).
 Your wisdom was 15 (limit:18).
 Your charisma was 15 (limit:18).

Final Status:
 You weren't hungry.
 You were burdened; movement was slightly slowed.
 You were wielding a whip.
 You had basic skill with whip and could have enhanced that.

Final Attributes:
 You were piously aligned.
 You were level-drain resistant.
 You saw invisible.
 You had automatic searching.
 You had slower digestion.
 You were guarded.
 Your spell casting was impaired by metallic armor.
 You were a wererat.
 You were harmed by silver.
 You were lucky.
 You are dead.

Miscellaneous:
 You didn't encounter any bones levels.
 Total elapsed playing time was 53 minutes and 54 seconds.

Major events:
 Turn
    1: LDaviesPeters the neutral female human Archeologist entered the dungeon
 1700: attained the rank of Field Worker (level 3)
 3893: killed by a wererat

Spells:
 Name                 Level Category     Fail Retention
 confuse monster        1   enchantment   78%  76%-100%
 wizard lock            2   matter       100%  76%-100%

Skills:
 Fighting Skills
   bare handed combat [Unskilled]
   two weapon combat  [Unskilled]
   riding             [Unskilled]
 Weapon Skills
   dagger             [Unskilled]
   knife              [Unskilled]
   pick-axe           [Basic]
   short sword        [Unskilled]
   saber              [Unskilled]
   club               [Unskilled]
   quarterstaff       [Unskilled]
   sling              [Unskilled]
   dart               [Unskilled]
   boomerang          [Unskilled]
   whip               [Basic]
   unicorn horn       [Unskilled]
 Spellcasting Skills
   attack spells      [Unskilled]
   healing spells     [Unskilled]
   divination spells  [Unskilled]
   matter spells      [Unskilled]

Voluntary challenges:
 Character rerolling was not enabled.
 You never genocided any monsters.
 You never polymorphed an object.
 You never changed form.
 You used no wishes.
Achievements:
 You entered a shop.
 You attained the rank of Field Worker.

 The Dungeons of Doom: levels 1 to 4
    Level 1:
       A grave.
    Level 2:
       A general store, a fountain.
    Level 3: <- You were here.
       A general store, an altar.
       Final resting place for
          you, killed by a wererat.
    Level 4:
       An altar to Camaxtli, a sink.


Vanquished creatures:
  a shrieker
  a kitten
  a homunculus
 an acid blob
  a coyote
  2 hobbits
  3 large kobolds
  6 giant rats
  a yellow mold
  a green mold
  3 geckos
  4 jackals
  2 goblins
  9 grid bugs
  4 lichens
  2 kobold zombies
  7 newts
49 creatures vanquished.

No species were genocided or became extinct.

Game over:
                       ----------
                      /          \
                     /    REST    \
                    /      IN      \
                   /     PEACE      \
                  /                  \
                  |  LDaviesPeters   |
                  |      284 Au      |
                  |   killed by a    |
                  |     wererat      |
                  |                  |
                  |                  |
                  |       2026       |
                 *|     *  *  *      | *
        _________)/\\_//(\/(/\)/\//\/|_)_______

Goodbye LDaviesPeters the Archeologist...

You died in The Dungeons of Doom on dungeon level 3 with 888 points,
and 284 pieces of gold, after 3893 moves.
You were level 4 with a maximum of 33 hit points when you died.

